 Dungeon Sprint DCSS version 0.22.1-1-ga44c0e56f4 (webtiles) character file.

12212 MuseOD the Imperceptible (level 11, -30/59 (60) HPs)
             Began as a Spriggan Enchanter on Sept 23, 2018.
             Was the Champion of Dithmenos.
             Killed from afar by a fire giant (36 damage)
             ... with a fireball
             ... in the Dungeon (Sprint I: "Red Sonja").
             The game lasted 00:05:48 (1430 turns).

MuseOD the Imperceptible (Spriggan Enchanter)       Turns: 1430, Time: 00:05:48

HP:   -30/59 (60)   AC:  2    Str:  4    XL:     11   Next: 59%
MP:   15/27         EV: 26    Int: 21    God:    Dithmenos [******]
Gold: 1031          SH:  0    Dex: 16    Spells: 20/32 levels left

rFire    . . .     SeeInvis +   a - +1 dagger
rCold    . . .     Gourm    .   (shield restricted)
rNeg     . . .     Faith    .   b - +0 robe
rPois    .         Spirit   .   (helmet restricted)
rElec    .         Reflect  .   (no cloak)
rCorr    .         Harm     .   (gloves unavailable)
MR       ++...     NoTele   +   (boots unavailable)
Stlth    ++++++++++             (no amulet)
HPRegen  0.19/turn              i - ring of protection from magic
MPRegen  0.20/turn              (no ring)

@: wreathed by umbra, very quick
A: very small, unfitting armour, see invisible, herbivore, speed 3, slow
metabolism 2
a: Shadow Step, Shadow Form, Renounce Religion


You were in the Dungeon.
You worshipped Dithmenos.
Dithmenos was exalted by your worship.
You were not hungry.

You visited 1 branch You collected 1031 gold pieces.

Inventory:

Hand Weapons
 a - a +1 dagger (weapon)
Armour
 b - a +0 robe (worn)
Jewellery
 i - a ring of protection from magic (left hand)
 l - an uncursed amulet of inaccuracy
 n - an uncursed ring of magical power {unknown}
Wands
 m - a wand of disintegration (7)
Scrolls
 j - a scroll of blinking
Potions
 c - a potion of lignification {unknown}
 e - a potion of curing
 f - a potion of heal wounds
 g - a potion of haste
 h - a potion of magic
 k - a potion of berserk rage
Comestibles
 d - 3 rations


   Skills:
 - Level 8.9 Fighting
 + Level 16.8 Short Blades
 + Level 10.7 Dodging
 + Level 21.6 Stealth
 - Level 11.0 Spellcasting
 + Level 13.7 Hexes


You had 20 spell levels left.
You knew the following spells:

 Your Spells              Type           Power        Failure   Level  Hunger
a - Corona                Hex            ######.      1%          1    None
b - Ensorcelled Hibernat  Hex/Ice        #####.       1%          2    None
c - Confuse               Hex            ######..     1%          3    None
d - Dazzling Spray        Conj/Hex       #####.       1%          3    None
e - Tukima's Dance        Hex            ######..     1%          3    None

Your spell library contained the following spells:

 Spells                   Type           Power        Failure   Level  Hunger
 Ice Form                 Ice/Tmut       ##......     50%         4    #......
 Alistair's Intoxication  Tmut/Pois      ##......     85%         5    ####...


Dungeon Overview and Level Annotations

Branches:
Dungeon (1/1)

Altars:
Cheibriados
Dithmenos
Elyvilon
Fedhas
Gozag
Hepliaklqana
Kikubaaqudgha
Makhleb
Nemelex Xobeh
Okawaru
Qazlal
Ru
Sif Muna
Trog
Uskayaw
Vehumet
Wu Jian
Xom
Yredelemnul
Zin
The Shining One
Jiyva
Lugonu

Shops:
D (?[!(*(}}}*!(=[(


Innate Abilities, Weirdness & Mutations

You are very small and have problems with some larger weapons.
You are too small for most types of armour.
You have supernaturally acute eyesight. (SInv)
You are a herbivore.
You cover ground extremely quickly.
You need to consume almost no food.


Message History

The fire giant easily resists.
Your shadow mimicks your spell!
The fire giant resists with almost no effort.
The fire giant completely misses you. The fire giant casts a spell at you.
The fireball explodes!
The fireball engulfs you!
Ouch! That really hurt!
* * * LOW HITPOINT WARNING * * *
You emit a cloud of dark smoke.
You hear a shout!
Casting: Confuse (safe; 1% risk of failure)
Confirm with . or Enter, or press ? or * to list all spells.
Aiming: Tukima's Dance (safe; 1% risk of failure)
Press: ? - help, Shift-Dir - straight line, f - fire giant
Aim: a fire giant, wielding a great sword of flaming (black smoke, moderately The great sword of flaming dances into the air!
The fire giant gestures at you while chanting.
The fireball explodes!
The fireball engulfs you!
Ouch! That really hurt!
You die...

.'§.#§#
##§§.#####
##†§§§#
###+#.).##
##+####
#.##$$.#
#§§
#..###$#
#§§
##.#A#$#
###
#..###§#
'.#
#.##§§$#
#.#
#.§#+###
#.# ##§(@#
#§# ###§#
#.# #C# §.#
#§# #.#
####C# #§#
###...C#
§§#
#C..####
###
.....CC.###
....#####


You could see a fire giant and a friendly great sword of flaming.

Vanquished Creatures
  2 centaur warriors (D)
  Sonja (D)
  7 unseen horrors (D)
  A deep troll (D)
  A lindwurm (D)
  An oklob plant (D)
  2 kobold demonologists (D)
  4 demonic crawlers (D)
  A hornet (D)
  A slime creature (D)
  Sigmund (D)
  2 redbacks (D)
  A yak (D)
  13 hogs (D)
  2 floating eyes (D)
  An ogre (D)
  7 necrophages (D)
  8 jellies (D)
  Ijyb (D)
57 creatures vanquished.

Vanquished Creatures (others)
  A gargoyle (D)
  3 hornets (D)
4 creatures vanquished.

Grand Total: 61 creatures vanquished

Notes
Turn   | Place    | Note
-------+----------+-------------------------------------------
     0 | D        | MuseOD the Spriggan Enchanter began the quest for the Orb.
     0 | D        | Reached XP level 1. HP: 9/9 MP: 5/5
     2 | D        | Noticed Ijyb
    16 | D        | Killed Ijyb
    16 | D        | Reached skill level 6 in Stealth
    16 | D        | Reached XP level 2. HP: 15/15 MP: 6/6
    61 | D        | Learned a level 2 spell: Ensorcelled Hibernation
    65 | D        | Noticed an ogre
    68 | D        | Killed an ogre
    68 | D        | Reached skill level 8 in Stealth
    68 | D        | Reached XP level 3. HP: 18/20 MP: 8/8
    68 | D        | Reached XP level 4. HP: 23/25 MP: 9/9
    77 | D        | Noticed Sigmund
    80 | D        | Killed Sigmund
    80 | D        | Reached skill level 5 in Fighting
    80 | D        | Reached skill level 10 in Stealth
    80 | D        | Reached XP level 5. HP: 28/30 MP: 10/10
    80 | D        | Reached XP level 6. HP: 33/35 MP: 11/11
    93 | D        | Found a burning altar of Makhleb.
    93 | D        | Found a viscous altar of Jiyva.
    93 | D        | Found a shimmering altar of Xom.
    93 | D        | Found a corrupted altar of Lugonu.
    93 | D        | Noticed a slime creature
    96 | D        | Killed a slime creature
    96 | D        | Reached skill level 11 in Stealth
   109 | D        | Noticed a kobold demonologist
   109 | D        | Noticed a floating eye
   110 | D        | Noticed a kobold demonologist
   112 | D        | Killed a kobold demonologist
   112 | D        | Reached skill level 12 in Stealth
   112 | D        | Reached XP level 7. HP: 41/41 MP: 12/12
   113 | D        | Reached skill level 13 in Stealth
   115 | D        | Killed a kobold demonologist
   115 | D        | Reached XP level 8. HP: 46/46 MP: 13/13
   126 | D        | Found an ornate altar of the Wu Jian Council.
   126 | D        | Found a deep blue altar of Sif Muna.
   128 | D        | Found a radiant altar of Vehumet.
   159 | D        | Found Geugid's Antique Weapon Emporium.
   159 | D        | Found an ancient bone altar of Kikubaaqudgha.
   159 | D        | Found a hazy altar of Hepliaklqana.
   159 | D        | Found a stormy altar of Qazlal.
   159 | D        | Found a hide-covered altar of Uskayaw.
   159 | D        | Found a blossoming altar of Fedhas.
   159 | D        | Found a bloodstained altar of Trog.
   159 | D        | Found an iron altar of Okawaru.
   159 | D        | Found a basalt altar of Yredelemnul.
   159 | D        | Found a glowing golden altar of the Shining One.
   159 | D        | Found a snail-covered altar of Cheibriados.
   159 | D        | Found a sacrificial altar of Ru.
   159 | D        | Found a glowing silver altar of Zin.
   159 | D        | Found a shadowy altar of Dithmenos.
   159 | D        | Found a white marble altar of Elyvilon.
   160 | D        | Found an opulent altar of Gozag.
   161 | D        | Reached skill level 14 in Stealth
   162 | D        | Found a sparkling altar of Nemelex Xobeh.
   168 | D        | Became a worshipper of Dithmenos the Shadowed
   189 | D        | Noticed Sonja
   193 | D        | Killed Sonja
   193 | D        | Reached skill level 15 in Stealth
   206 | D        | Noticed a deep troll
   210 | D        | Killed a deep troll
   210 | D        | Reached skill level 15 in Short Blades
   210 | D        | Reached XP level 9. HP: 52/52 MP: 14/14
   220 | D        | Found Xiysyl's Armour Emporium.
   229 | D        | Learned a level 3 spell: Confuse
   233 | D        | Learned a level 3 spell: Dazzling Spray
   255 | D        | Noticed a centaur warrior
   255 | D        | Noticed a centaur warrior
   257 | D        | Killed a centaur warrior
   257 | D        | Reached * piety under Dithmenos
   257 | D        | Reached skill level 16 in Stealth
   257 | D        | Reached skill level 5 in Spellcasting
   259 | D        | Killed a centaur warrior
   259 | D        | Reached skill level 17 in Stealth
   279 | D        | Noticed an oklob plant
   281 | D        | Killed an oklob plant
   281 | D        | Reached ** piety under Dithmenos
   281 | D        | Reached skill level 18 in Stealth
   281 | D        | Reached XP level 10. HP: 57/57 MP: 16/23
   305 | D        | Noticed an unseen horror
   305 | D        | Noticed an unseen horror
   310 | D        | Killed an unseen horror
   312 | D        | Killed an unseen horror
   312 | D        | Reached *** piety under Dithmenos
   312 | D        | Reached skill level 19 in Stealth
   312 | D        | Reached skill level 10 in Spellcasting
   312 | D        | Reached skill level 10 in Hexes
   350 | D        | Reached **** piety under Dithmenos
   563 | D        | Reached ***** piety under Dithmenos
   606 | D        | Found Duedynof's Antique Armour Shoppe.
   606 | D        | Found Muts's Magic Scroll Shop.
   606 | D        | Found Qoth's Distillery.
   608 | D        | Found Qomisutinn's Weapon Emporium.
   608 | D        | Found Pasarhid's General Store.
   608 | D        | Found Netu Ada's Weapon Shoppe.
   608 | D        | Found Vobaqyrch's Gadget Boutique.
   608 | D        | Found Rothruism's Gadget Emporium.
   608 | D        | Found Redah's Gadget Shop.
   608 | D        | Found Aquozet's General Store.
   611 | D        | Found Unisk's Distillery.
   612 | D        | Found Riutealec's Jewellery Emporium.
   612 | D        | Found Gixkaoq's Antique Weapon Boutique.
   613 | D        | Found Coskoar's Weapon Emporium.
   741 | D        | Reached ****** piety under Dithmenos
   741 | D        | Reached skill level 5 in Dodging
   741 | D        | Reached skill level 20 in Stealth
   752 | D        | Noticed a lindwurm
   757 | D        | Killed a lindwurm
   757 | D        | Reached XP level 11. HP: 59/59 MP: 27/27
   896 | D        | Noticed a daeva
   901 | D        | Noticed an unseen horror
   901 | D        | Noticed an unseen horror
   901 | D        | Noticed an unseen horror
   901 | D        | Noticed an unseen horror
   904 | D        | Killed an unseen horror
   904 | D        | Reached skill level 21 in Stealth
   905 | D        | Noticed an unseen horror
   908 | D        | Killed an unseen horror
   914 | D        | Killed an unseen horror
   914 | D        | Reached skill level 10 in Dodging
   916 | D        | Killed an unseen horror
   918 | D        | Killed an unseen horror
  1153 | D        | Identified Bostrith's Papyrus of Fetching Moulding
  1398 | D        | Noticed a fire giant
  1401 | D        | Noticed a fire giant
  1403 | D        | Noticed a fire giant
  1425 | D        | Learned a level 3 spell: Tukima's Dance
  1430 | D        | Killed from afar by a fire giant

Skill      XL: |  1  2  3  4  5  6  7  8  9 10 11 |
---------------+----------------------------------+-----
Fighting       | 2 3 5 6 7 8 |  8.9
Short Blades   | 4 7 9 12 13 15 16 | 16.8
Stealth        | 6 8 10 12 13 15 18 20 21 | 21.6
Spellcasting   | 8 11 | 11.0
Hexes          | 8 12 13 | 13.7
Dodging        | 6 10 | 10.7

Action                   |  1- 3 |  4- 6 |  7- 9 | 10-12 || total
-------------------------+-------+-------+-------+-------++-------
Melee: Dagger            |    13 |     3 |    10 |    64 ||    90
 Cast: Ensorcelled Hiber |       |       |       |    26 ||    26
       Confuse           |       |       |       |    13 ||    13
       Tukima's Dance    |       |       |       |     1 ||     1
       Dazzling Spray    |       |       |       |     1 ||     1
  Use: Potion            |     1 |       |       |     1 ||     2
       Scroll            |       |       |     1 |       ||     1
 Stab: Sleeping          |     2 |     3 |    10 |    36 ||    51
       Confused          |       |       |       |     6 ||     6
Armor: Robe              |       |       |       |     2 ||     2
Dodge: Dodged            |     6 |       |       |    39 ||    45
